Map: Dusk Towers

Players

ILLBdA

  • Race: Protoss Protoss
  • League: Diamond

전설의대지 - Winner!

  • Race: Protoss Protoss
  • League: Diamond

VOD

Have the link to the VOD?

Description

Time

  • Played on: Jan. 3, 2016, 6:27 a.m.
  • Length: 1:56
Show
View Real Time Build Order
Export as new Build Order

ILLBdA Protoss 

Build Orders: Cannon Rush 

Get SALT Encoding   

  12  0:01  Probe (Chrono Boost)  
  13  0:11  Probe (Chrono Boost)  
  14  0:17  Pylon  
  14  0:22  Probe (Chrono Boost)  
  15  0:35  Probe (Chrono Boost)  
  16  0:37  Forge  
  16  0:46  Probe (Chrono Boost)  
  17  1:06  Pylon  
  17  1:07  Pylon  
  17  1:08  Pylon  
  17  1:23  Probe (Chrono Boost)  
  18  1:39  Photon Cannon  
  17  1:44  Photon Cannon  
  17  1:45  Photon Cannon  
Show
View Real Time Build Order
Export as new Build Order

전설의대지 Protoss - Winner!

Build Orders:  

Get SALT Encoding   

  12  0:05  Probe (Chrono Boost)  
  13  0:15  Probe (Chrono Boost)  
  13  0:19  Pylon  
  14  0:26  Probe (Chrono Boost)  
  15  0:37  Probe (Chrono Boost)  
  15  0:39  Gateway  
  16  0:47  Probe (Chrono Boost)  
  17  0:58  Probe (Chrono Boost)  
  17  0:59  Assimilator  
  18  1:04  Assimilator  
  18  1:08  Pylon  
  18  1:09  Probe (Chrono Boost)  
  19  1:20  Probe (Chrono Boost)  
Tags
 
Matchup
PvP
Replay Pack
me
Add a new tag
Caveats
  • Supply blocks, unpowered buildings, or Contaminate may cause inaccurate times.
  • Supply counts are checked every 10 seconds.